 Dungeon Crawl Stone Soup version 0.25.1-2-g60ff931df9 (webtiles) character file.

Game seed: 11856972814943874806

85 Froggeryz the Ruffian (level 4, -5/28 HPs)
             Began as a Gargoyle Monk on Sept 2, 2020.
             Was a Believer of Okawaru.
             Slain by a slave (6 damage)
             ... led by Pikel
             ... on level 3 of the Dungeon.
             The game lasted 00:04:19 (3565 turns).

Froggeryz the Ruffian (Gargoyle Monk)               Turns: 3565, Time: 00:04:20

Health: -5/28      AC:  9    Str: 16    XL:     4   Next: 48%
Magic:  4/4        EV: 11    Int: 10    God:    Okawaru [**....]
Gold:   177        SH:  0    Dex: 12    Spells: 3/3 levels left

rFire    . . .     SeeInvis .     - Unarmed
rCold    . . .     Gourm    .   (no shield)
rNeg     + . .     Faith    .   m - +0 ring mail
rPois    ∞         Spirit   .   f - +0 helmet (curse)
rElec    +         Reflect  .   (no cloak)
rCorr    .         Harm     .   (no gloves)
MR       .....                  (no boots)
Stlth    +.........             (no amulet)
HPRegen  0.09/turn              (no ring)
MPRegen  0.09/turn              (no ring)

@: stab
A: negative energy resistance 1, electricity resistance, unbreathing,
petrification resistance, rot immunity, AC +3
a: Heroism, Renounce Religion


You were on level 3 of the Dungeon.
You worshipped Okawaru.
Okawaru was pleased with you.
You were very hungry.

You visited 2 branches of the dungeon, and saw 5 of its levels.

You collected 177 gold pieces.

Inventory:

Armour
 e - a +2 kite shield
 f - a cursed +0 helmet (worn)
 m - a +0 ring mail (worn)
 q - a +0 buckler
Scrolls
 a - a scroll of teleportation
 c - 4 scrolls of remove curse
 d - 2 scrolls of enchant armour
 j - 2 scrolls of identify
 p - 2 scrolls of fog {unknown}
 s - a scroll of amnesia {unknown}
Potions
 h - a potion of berserk rage {unknown}
 i - a potion of curing
 k - a potion of heal wounds {unknown}
 l - a potion of ambrosia {unknown}
 n - 2 potions of lignification {unknown}
 o - a potion of haste {unknown}
 r - a potion of magic {unknown}
Comestibles
 b - 3 rations


   Skills:
 - Level 3.2 Fighting
 - Level 2.4 Dodging
 - Level 2.1 Stealth
 + Level 1.1 Shields
 * Level 4.9 Unarmed Combat


You had 3 spell levels left.
You didn't know any spells.
Your spell library was empty.

Dungeon Overview and Level Annotations

Branches:
Dungeon (4/15)             Temple (1/1) D:4

Altars:
Ashenzari
Cheibriados
Dithmenos
Elyvilon
Fedhas
Gozag
Hepliaklqana
Kikubaaqudgha
Makhleb
Nemelex Xobeh
Okawaru
Qazlal
Ru
Sif Muna
Trog
Uskayaw
Vehumet
Wu Jian
Xom
Yredelemnul
Zin
The Shining One

Annotations:
D:4 Pikel


Innate Abilities, Weirdness & Mutations

You are resistant to torment.
Your stone body is resilient. (AC +3)
You are immune to poison.
You resist negative energy. (rN+)
You are resistant to electric shocks. (rElec)
You can survive without breathing.
You are immune to petrification.
You are immune to rotting.


Message History

* * * LOW HITPOINT WARNING * * *
You closely miss the slave.
The slave is heavily wounded.
The slave closely misses you.
You hit the slave.
The slave is severely wounded.
The slave closely misses you.
You closely miss the slave.
The slave is heavily wounded.
The slave hits you but does no damage.
You miss the slave.
The slave is heavily wounded.
You hit the slave.
The slave is severely wounded.
The slave hits you.
* * * LOW HITPOINT WARNING * * *
You completely miss the slave.
The slave is severely wounded.
The slave hits you.
You die...

####### #########
##.....#
........####....@.#
#######.##......p.#
#.......#######
#####.......#
............#
#####.......#
##....#####
##...#.# #....#.#


You could see a slave.

Vanquished Creatures
  3 adders (D:3)
  A worm (D:2)
  A dart slug (D:1)
  4 leopard geckos
  2 orcs (D:3)
  3 giant cockroaches (D:3)
  9 hobgoblins
  A quokka (D:3)
  3 bats
  3 frilled lizards
  6 goblins
  6 kobolds
  5 rats
47 creatures vanquished.

Notes
Turn   | Place    | Note
-------+----------+-------------------------------------------
     0 | D:1      | Froggeryz the Gargoyle Monk began the quest for the Orb.
     0 | D:1      | Reached XP level 1. HP: 14/14 MP: 1/1
   872 | D:2      | Reached XP level 2. HP: 19/19 MP: 2/2
  1408 | D:2      | Reached skill level 1 in Shields
  1781 | D:2      | Reached XP level 3. HP: 20/23 MP: 3/3
  2000 | D:2      | Reached skill level 4 in Unarmed Combat
  2714 | D:3      | Reached XP level 4. HP: 17/28 MP: 4/4
  2966 | D:3      | Found a sacrificial altar of Ru.
  3202 | D:4      | Found a staircase to the Ecumenical Temple.
  3280 | Temple   | Entered the Ecumenical Temple
  3472 | Temple   | Became a worshipper of Warmaster Okawaru
  3472 | Temple   | Reached * piety under Okawaru
  3472 | Temple   | Reached ** piety under Okawaru
  3512 | D:4      | Noticed Pikel
  3512 | D:4      | Noticed a slave
  3512 | D:4      | Noticed a slave
  3512 | D:4      | Noticed a slave
  3513 | D:4      | Noticed a slave
  3564 | D:3      | HP: 1/28 [slave[Pikel] (6)]
  3565 | D:3      | Slain by a slave

Illustrated notes

Levels and vault maps discovered:
D:1:      elethiomel_arrival_shortcut, layout_loops_corners
D:2:      layout_basic
D:3:      layout_rooms, lemuel_coloured_pillars_altar
D:4:      layout_gridville, minmay_temple_entry_poolview, first_ration,
          grunt_ministairs_10, uniq_pikel, uniq_grinder
Temple:   minmay_crystal_snake_temple

Skill      XL: |  1  2  3 |
---------------+----------+-----
Shields        | 1 |  1.1
Unarmed Combat | 4 |  4.9
Fighting       | |  3.2
Dodging        | |  2.4
Stealth        | |  2.1

Action                   |  1- 3 |  4- 6 || total
-------------------------+-------+-------++-------
Melee: Unarmed           |   204 |    43 ||   247
       Punch             |     4 |     2 ||     6
  Use: Scroll            |     5 |       ||     5
       Potion            |       |     3 ||     3
 Stab: Sleeping          |     6 |       ||     6
       Distracted        |     1 |       ||     1
  Eat: Chunk             |     6 |     1 ||     7
Armor: Robe              |    71 |     1 ||    72
       Ring mail         |       |    11 ||    11
Dodge: Dodged            |   136 |    19 ||   155
Block: Kite shield       |     9 |       ||     9
